 Dungeon Crawl Stone Soup version 0.28.0-53-g5a82cb258f (webtiles) character file.

Game seed: 13341270468000050951

37 MiltankisOP the Insei (level 3, -1/27 HPs)
             Began as a Merfolk Transmuter on June 17, 2022.
             Slain by a centaur (5 damage)
             ... on level 3 of the Dungeon.
             The game lasted 00:02:14 (2175 turns).

MiltankisOP the Insei (Merfolk Transmuter)          Turns: 2175, Time: 00:02:15

Health: -1/27      AC:  2    Str: 10    XL:     3   Next: 39%
Magic:  5/6        EV: 13    Int: 14    God:
Gold:   74         SH:  0    Dex: 14    Spells: 5/6 levels left

rFire   . . .      SeeInvis .     - Unarmed
rCold   . . .      Faith    .   (no shield)
rNeg    . . .      Spirit   .   a - +0 robe
rPois   .          Reflect  .   (helmet currently unavailable)
rElec   .          Harm     .   (no cloak)
rCorr   .          Rampage  .   (no gloves)
Will    .....                   (boots currently unavailable)
Stlth   +.........              (no amulet)
HPRegen 0.09/turn               (no ring)
MPRegen 0.10/turn               (no ring)

@: appendages
A: horns 2, (nimble swimmer 2), mertail
a: End Transformation


You were on level 3 of the Dungeon.
You had temporarily grown beastly horns.
You visited 1 branch of the dungeon, and saw 3 of its levels.

You collected 74 gold pieces.

Inventory:

Armour
 a - a +0 robe (worn)
 h - a +0 helmet
Jewellery
 m - a ring of wizardry
Scrolls
 d - a scroll of summoning {unknown}
 e - a scroll of fog {unknown}
 f - a scroll of teleportation {unknown}
 i - a scroll of identify {unknown}
 k - 2 scrolls of silence {unknown}
 l - a scroll of vulnerability {unknown}
Potions
 b - a potion of curing {unknown}
 c - 2 potions of flight {unknown}
 g - a potion of invisibility {unknown}
 j - a potion of heal wounds {unknown}
 n - a potion of magic {unknown}


   Skills:
 + Level 2.1 Fighting
 + Level 3.6 Dodging
 + Level 3.8 Unarmed Combat
 - Level 2.0 Spellcasting
 - Level 2.6 Transmutations


You had 5 spell levels left.
You knew the following spells:

 Your Spells              Type           Power      Damage    Failure   Level
a - Beastly Appendage     Tmut           16%        N/A       8%          1

Your spell library contained the following spells:

 Spells                   Type           Power      Damage    Failure   Level
 Wereblood                Tmut           8%         N/A       12%         2
 Apportation              Tloc           2%         N/A       24%         1
 Spider Form              Tmut/Pois      5%         N/A       38%         3
 Dazzling Flash           Conj/Hex       2%         N/A       56%         3
 Ice Form                 Ice/Tmut       5%         N/A       80%         4
 Alistair's Intoxication  Tmut/Pois      3%         N/A       98%         5
 Agony                    Necr           1%         N/A       100%        5
 Silence                  Hex/Air        0%         N/A       100%        5


Dungeon Overview and Level Annotations

Branches:
Dungeon (3/15)

Altars:
Dithmenos


Innate Abilities, Weirdness & Mutations

You have temporarily grown beastly horns.
((You are very nimble when in or above water. (Stealth+, EV+, Speed+++)))
Your lower body shifts to a powerful aquatic tail in water.


Message History

The goblin hits you but does no damage.
Your magical contamination has completely faded away.
You completely miss the goblin.
The goblin is severely wounded.
The goblin hits you with a +0 club.
You hit the goblin.
You kill the goblin!
The centaur shoots an arrow.
The arrow closely misses you.
You hit the centaur.
The centaur is lightly wounded.
The centaur unwields a +0 shortbow.
The centaur hits you. The centaur kicks you.
You hit the centaur.
The centaur is lightly wounded.
The centaur closely misses you.
The centaur kicks you but does no damage.
You hit the centaur.
The centaur is moderately wounded.
The centaur hits you. The centaur closely misses you. x2
The centaur kicks you.
You barely miss the centaur.
The centaur is moderately wounded.
The centaur hits you but does no damage.
The centaur kicks you.
You hit the centaur but do no damage.
The centaur is moderately wounded.
The centaur hits you.
* * * LOW HITPOINT WARNING * * *
The centaur kicks you.
* * * LOW HITPOINT WARNING * * *
You hit the centaur.
The centaur is moderately wounded.
The centaur closely misses you. The centaur kicks you.
* * * LOW HITPOINT WARNING * * *
The centaur barely misses you.
The centaur kicks you but does no damage.
Casting: Beastly Appendage (safe; 8% risk of failure)
Confirm with . or Enter, or press ? or * to list all spells.
You grow a pair of large bovine horns.
The centaur hits you.
You die...

###########
######≈≈§≈≈≈≈≈≈###
.........§...§§..#
.....#§≈≈≈≈§≈≈≈#@#
.....###########c# #####
#.####........#..####.(....
#.# #...##................
#.# #........#####g......
#.#####...)....## ...c...
.............#<.# ..(....
..###.##.....#.............
..###.##.#####.....########


You could see a centaur.

Vanquished Creatures
  A worm (D:2)
  An orc (D:3)
  4 bats
  2 endoplasms (D:2)
  2 giant cockroaches
  4 goblins
  4 jackals (D:1)
  2 quokkas
  2 ball pythons
  A frilled lizard (D:2)
  7 kobolds
  A rat (D:2)
31 creatures vanquished.

Vanquished Creatures (others)
  A plant (D:1)
1 creature vanquished.

Grand Total: 32 creatures vanquished

Notes
Turn   | Place    | Note
-------+----------+-------------------------------------------
     0 | D:1      | MiltankisOP the Merfolk Transmuter began the quest for the
                  | Orb.
     0 | D:1      | Reached XP level 1. HP: 15/15 MP: 3/3
   467 | D:1      | Reached XP level 2. HP: 21/21 MP: 5/5
   934 | D:1      | Found a faded altar of an unknown god.
  1081 | D:2      | Found a shadowy altar of Dithmenos.
  1279 | D:2      | Reached XP level 3. HP: 18/27 MP: 6/6
  2151 | D:3      | Noticed a centaur
  2175 | D:3      | Slain by a centaur

Illustrated notes

Levels and vault maps discovered:
D:1:      lemuel_arrival_funnel, layout_basic,
          shapermc_ecumenical_altar_mp_urbaneastern, serial_park_tiny_1,
          chequers_garden
D:2:      layout_basic, basic_altar
D:3:      layout_rooms, amcnicky_mini_rare_corridor_liquid

Skill      XL: |  1  2 |
---------------+-------+-----
Dodging        | 3 |  3.6
Fighting       | 2 |  2.1
Unarmed Combat | |  3.8
Spellcasting   | |  2.0
Transmutations | |  2.6

Action                   || total
-------------------------++-------
Melee: Unarmed           ||   119
       Headbutt          ||     5
       Punch             ||     2
 Cast: Beastly Appendage ||    19
Armor: Robe              ||    32
Dodge: Dodged            ||    78
